AoeStats
← vitor_age2

Lombardia

509777121Analyzed
2v2 RM · 3d ago on Sep 28, 2026· 47m 40s· 4 players
Game mode
Random Map
Map size
Medium (4 player)
Population
200
Speed
Normal
Resources
Standard
Victory
Conquest
Starting age
Dark Age
Ending age
Imperial Age
RankedLock teamsTeams togetherTeam positionsShared explorationLock speedFull tech treeHidden civsTurbo modeCheats
Victory
Defeat
🇨🇦 Turks · Canada
1031
+14
🇨🇦 Gurjaras · Canada
968
+17
🇧🇷 Varangians · Brazil
998
-16
🇧🇷 Cumans · Brazil
969
-15
vitor_age2
7:56 Loom
11:10 Feudal Age
12:45 Double-Bit Axe
13:14 Bloodlines
15:53 Scale Barding Armor
18:21 Forging
21:48 Castle Age
23:35 Horse Collar
23:53 Gold Mining
26:03 Bow Saw
26:31 Husbandry
27:34 Chain Barding Armor
31:34 Wheelbarrow
41:56 Vendel Legacy
NannoD
10:07 Feudal Age
10:56 Loom
12:14 Double-Bit Axe
14:32 Wheelbarrow
14:01 Man-at-Arms
14:37 Horse Collar
17:36 Forging
17:32 Scale Barding Armor
25:21 Bloodlines
25:43 Arson
25:56 Gold Mining
30:09 Castle Age
29:47 Scale Mail Armor
31:51 Squires
32:12 Pikeman
34:58 Capped Ram
39:14 Hand Cart
42:41 Iron Casting
42:22 Chain Mail Armor
43:17 Gold Shaft Mining
42:47 Heavy Plow
43:00 Bow Saw
Jman
0:28 Loom
11:17 Feudal Age
13:14 Double-Bit Axe
16:53 Horse Collar
24:46 Castle Age
24:11 Gold Mining
24:15 Stone Mining
24:53 Crossbowman
25:40 Thumb Ring
25:38 Padded Archer Armor
27:18 Fletching
28:48 Gold Shaft Mining
31:18 Heavy Plow
32:28 Wheelbarrow
34:49 Leather Archer Armor
34:30 Bodkin Arrow
42:21 Imperial Age
40:08 Hand Cart
40:21 Scale Mail Armor
40:32 Forging
44:37 Ballistics
46:35 Murder Holes
ptom
0:32 Loom
9:42 Feudal Age
10:39 Double-Bit Axe
11:37 Horse Collar
19:26 Castle Age
18:18 Forging
18:27 Scale Barding Armor
18:51 Stone Mining
18:55 Gold Mining
20:37 Wheelbarrow
21:35 Town Watch
22:28 Bow Saw
23:19 Hand Cart
24:14 Stone Shaft Mining
25:25 Fervor
25:37 Murder Holes
27:49 Gold Shaft Mining
30:55 Bloodlines
34:16 Treadmill Crane
34:59 Ballistics
35:12 Masonry
36:38 Fletching
38:07 Iron Casting
38:20 Heavy Plow
39:14 Chain Barding Armor
40:39 Kshatriyas
40:55 Scale Mail Armor
41:37 Husbandry
43:48 Devotion
44:23 Chain Mail Armor
45:51 Bodkin Arrow
46:21 Sanctity
46:28 Sanctity
47:26 Arson
Connection lost

Rejoining the realm…

Still unreachable

The connection could not be restored.

Session expired

The server has moved on; the page needs a fresh start.